 Dungeon Crawl Stone Soup version 0.19-a0-1654-g9d3f708 (webtiles) character file.

1691 st0uf the Magician (level 8, -21/46 HPs)
             Began as a Deep Elf Summoner on Sept 20, 2016.
             Was a Follower of Vehumet.
             Shot with an arrow by a centaur warrior (25 damage)
             ... on level 8 of the Dungeon.
             The game lasted 01:09:32 (6476 turns).

st0uf the Magician (Deep Elf Summoner)              Turns: 6476, Time: 01:09:33

Health: -21/46     AC:  7    Str:  5    XL:     8   Next: 72%
Magic:  3/21       EV: 15    Int: 23    God:    Vehumet [*.....]
Gold:   142        SH:  0    Dex: 15    Spells: 6 memorised, 4 levels left

rFire  . . .     SeeInvis +     B - +3 long sword of Annihilation {slice, +Rage rElec}
rCold  . . .     Gourm    .     a - +0 robe
rNeg   . . .     Faith    .     (no shield)
rPois  .         Spirit   .     J - +1 helmet {SInv}
rElec  +         Dismiss  .     t - +0 cloak
rCorr  .         Reflect  .     e - +0 pair of gloves
MR     +....     Harm     .     s - +0 pair of boots (curse)
Stlth  ++........               (no amulet)
                                (no ring)
                                g - ring of protection from magic

@: no status effects
A: no striking features
a: Renounce Religion, Evoke Berserk Rage


You were on level 8 of the Dungeon.
You worshipped Vehumet.
Vehumet was aware of your devotion.
You were not hungry.

You visited 2 branches of the dungeon, and saw 9 of its levels.

You collected 406 gold pieces.
You spent 264 gold pieces at shops.

Inventory:

Hand Weapons
 o - a +0 quarterstaff
 B - the +3 long sword of Annihilation (weapon) {slice, +Rage rElec}
   (You found it on level 4 of the Dungeon)

   It inflicts extra damage upon your enemies.
   It insulates you from electricity.
   It lets you go berserk.
Armour
 a - a +0 robe (worn)
 e - a +0 pair of gloves (worn)
 s - a cursed +0 pair of boots (worn)
 t - a +0 cloak (worn)
 J - a +1 helmet of see invisible (worn)
 K - a +0 shield
Jewellery
 g - a ring of protection from magic (left hand)
 m - an uncursed ring of ice
Wands
 C - a wand of iceblast (12/15)
 F - a wand of paralysis (3/24)
 H - a wand of iceblast (5/15)
 L - a wand of digging (4/24)
 M - a wand of lightning (9/15)
Scrolls
 d - 10 scrolls of identify
 i - 2 scrolls of recharging {unknown}
 j - 4 scrolls of remove curse {unknown}
 n - 2 scrolls of enchant armour {unknown}
 r - 6 scrolls of random uselessness {unknown}
 u - 2 scrolls of magic mapping {unknown}
 w - 2 scrolls of enchant weapon {unknown}
 y - 3 scrolls of blinking {unknown}
 E - 2 scrolls of amnesia {unknown}
 G - 3 scrolls of fear {unknown}
 I - a scroll of fog {unknown}
 R - a scroll of vulnerability {unknown}
Potions
 f - 4 potions of curing {unknown}
 h - 3 potions of brilliance {unknown}
 k - 5 potions of degeneration {unknown}
 l - 5 potions of flight {unknown}
 p - a potion of might {unknown}
 q - a potion of mutation {unknown}
 v - a potion of heal wounds {unknown}
 x - a potion of haste
 z - 2 potions of agility {unknown}
 A - a potion of invisibility {unknown}
 O - a potion of ambrosia {unknown}
Books
 b - a book of Callings

   Spells                             Type                      Level
   a - Summon Small Mammal            Summoning                    1
   b - Call Imp                       Summoning                    2
   c - Call Canine Familiar           Summoning                    3
   d - Summon Guardian Golem          Hexes/Summoning              3
   e - Summon Lightning Spire         Summoning/Air                4
   f - Summon Ice Beast               Ice/Summoning                4
 S - a book of Unlife

   Spells                             Type                      Level
   a - Recall                         Summoning/Translocation      3
   b - Animate Dead                   Necromancy                   4
   c - Control Undead                 Necromancy                   4
   d - Cigotuvi's Embrace             Necromancy                   5
   e - Death Channel                  Necromancy                   6
   f - Simulacrum                     Ice/Necromancy               6
Comestibles
 c - 6 bread rations
 D - 3 meat rations
 N - a beef jerky
 P - 3 chunks of flesh
 Q - a slice of pizza


   Skills:
 + Level 3.0 Fighting
 + Level 3.0 Staves
 + Level 5.2 Dodging
 - Level 2.4 Stealth
 + Level 1.3 Shields
 * Level 7.6 Spellcasting
 + Level 4.4 Hexes
 + Level 5.8 Summonings
 + Level 3.8 Air Magic
 + Level 2.5 Evocations


You had 4 spell levels left.
You knew the following spells:

 Your Spells              Type           Power        Failure   Level  Hunger
a - Summon Small Mammal   Summ           ####         1%          1    None
b - Call Canine Familiar  Summ           #####...     1%          3    None
c - Summon Guardian Gole  Hex/Summ       ####....     2%          3    None
d - Summon Lightning Spi  Summ/Air       ####....     12%         4    ###....
e - Summon Ice Beast      Ice/Summ       ###.....     24%         4    ###....
f - Recall                Summ/Tloc      N/A          10%         3    None


Dungeon Overview and Level Annotations

Branches:
Dungeon (8/15)             Temple (1/1) D:6
   Lair: D:8-11

Altars:
Cheibriados
Dithmenos
Elyvilon
Gozag
Hepliaklqana
Kikubaaqudgha
Nemelex Xobeh
Okawaru
Qazlal
Uskayaw
Vehumet
Yredelemnul
The Shining One

Shops:
D:7 [

Annotations:
D:8 Gastronok


Message History

The centaur warrior shoots an arrow.
The arrow misses your wolf. The arrow misses you.
The centaur warrior shoots an arrow.
The arrow closely misses your wolf. The arrow hits you!
You see here an arrow.
The centaur warrior shoots an arrow.
The arrow hits your wolf!!
Your wolf dies!
Your wolf's corpse disappears in a puff of smoke!
Evoke which item? (* to show all) (? for menu, Esc to quit)
Okay, then.
Okay, then.
Casting: Summon Lightning Spire
Confirm with . or Enter, or press ? or * to list all spells.
You don't have enough magic to cast that spell.
The centaur warrior shoots an arrow.
The arrow hits you!
* * * LOW HITPOINT WARNING * * *
You see here an arrow.
Unknown command.
The centaur warrior shoots an arrow.
The arrow hits you!!
Ouch! That really hurt!
You die...

#...#.###†.##
#...#.#.....#
###.#.#.)...#
.#.#.._..##
#.#........#
#.#.(......#
..#<.#..##.#
.c#.c.(.# ...
#.#(###@# ###.
#.#(# #.# # #.#(#
#(# ###.#c# #.#
#.....###)#######
#.......).......#
##.>....#.#####.#
######.#.# #.#
#....#####.#


You could see a centaur warrior.

Vanquished Creatures
  A sky beast (D:8)
  A crimson imp (D:6)
  2 orcs (D:5)
  A giant cockroach (D:5)
5 creatures vanquished.

Vanquished Creatures (collateral kills)
  A two-headed ogre (D:8)
  2 hippogriffs
  3 sky beasts
  An orc warrior (D:6)
  An ice beast (D:6)
  4 phantoms
  An ogre (D:7)
  2 centaurs
  2 bullfrogs
  2 scorpions
  3 wights (D:6)
  3 crimson imps
  A quasit (D:5)
  2 hounds
  7 orc priests
  8 orc wizards
  A bullfrog skeleton (D:8)
  Jessica (D:2)
  Natasha (twice) (D:2)
  2 iguanas (D:5)
  A worker ant (D:8)
  A hound zombie (D:8)
  9 adders
  A howler monkey skeleton (D:4)
  4 shadow imps
  An adder skeleton (D:7)
  2 worms
  3 dart slugs
  3 leopard geckos
  20 orcs
  4 giant cockroaches
  6 goblins
  7 hobgoblins
  9 jackals
  8 quokkas
  11 bats
  5 frilled lizards
  11 kobolds
  A quokka skeleton (D:8)
  4 rats
160 creatures vanquished.

Vanquished Creatures (others)
  A soldier ant (D:8)
1 creature vanquished.

Grand Total: 166 creatures vanquished

Notes
Turn   | Place    | Note
-------+----------+-------------------------------------------
     0 | D:1      | st0uf the Deep Elf Summoner began the quest for the Orb.
     0 | D:1      | Reached XP level 1. HP: 10/10 MP: 6/6
   332 | D:1      | Reached XP level 2. HP: 15/15 MP: 0/8
   924 | D:2      | Noticed Jessica
   939 | D:2      | Killed Jessica
   939 | D:2      | Reached skill level 4 in Spellcasting
   939 | D:2      | Reached XP level 3. HP: 20/20 MP: 5/10
   944 | D:2      | Learned a level 3 spell: Call Canine Familiar
   948 | D:2      | Learned a level 3 spell: Summon Guardian Golem
  1098 | D:2      | Noticed Natasha
  1116 | D:2      | Killed Natasha
  1116 | D:2      | Reached skill level 1 in Fighting
  1208 | D:2      | Reached skill level 1 in Hexes
  1208 | D:2      | Reached XP level 4. HP: 21/25 MP: 7/12
  1214 | D:2      | Learned a level 4 spell: Summon Lightning Spire
  1245 | D:2      | Found an opulent altar of Gozag.
  1373 | D:2      | Noticed Natasha
  1397 | D:2      | Killed Natasha
  1922 | D:3      | Found a sparkling altar of Nemelex Xobeh.
  2312 | D:4      | Reached XP level 5. HP: 29/29 MP: 9/14
  2355 | D:4      | Noticed a phantom
  2452 | D:4      | Killed a phantom
  2452 | D:4      | Reached skill level 1 in Air Magic
  2587 | D:4      | Noticed a phantom
  2612 | D:4      | Found a snail-covered altar of Cheibriados.
  2647 | D:4      | Killed a phantom
  2647 | D:4      | Reached skill level 1 in Staves
  2647 | D:4      | Reached skill level 5 in Spellcasting
  2679 | D:4      | Got a translucent long sword
  2680 | D:4      | Identified the +3 long sword of Annihilation {slice, +Rage rElec} (You found it on level 4 of the Dungeon)
  2947 | D:4      | Reached skill level 5 in Summonings
  3066 | D:5      | Entered Level 5 of the Dungeon
  3115 | D:5      | Reached XP level 6. HP: 35/35 MP: 11/15
  3867 | D:6      | Got a pair of smoking boots
  3868 | D:6      | Identified the cursed -6 pair of boots "Keug" {rC+ rCorr Str-2} (You found it on level 6 of the Dungeon)
  3930 | D:6      | Found a shadowy altar of Dithmenos.
  3933 | D:6      | Noticed Menkaure
  4099 | D:6      | Reached XP level 7. HP: 34/39 MP: 6/17
  4107 | D:6      | Reached skill level 6 in Spellcasting
  4145 | D:6      | Reached skill level 1 in Evocations
  4338 | D:6      | Found a staircase to the Ecumenical Temple.
  4342 | Temple   | Entered the Ecumenical Temple
  4350 | Temple   | Became a worshipper of Vehumet
  4575 | D:7      | Noticed a hippogriff
  4648 | D:7      | Killed a hippogriff
  4712 | D:7      | Found Kimugga's Armour Shop.
  4720 | D:7      | Bought a +1 helmet of see invisible for 264 gold pieces
  5439 | D:7      | Found an iron altar of Okawaru.
  5484 | D:7      | Reached XP level 8. HP: 45/45 MP: 4/20
  5723 | D:8      | Reached skill level 5 in Dodging
  5933 | D:8      | Reached * piety under Vehumet
  5933 | D:8      | Offered knowledge of Freeze by Vehumet.
  5953 | D:8      | Reached skill level 7 in Spellcasting
  6157 | D:8      | Noticed Gastronok
  6326 | D:8      | Reached skill level 1 in Shields
  6348 | D:8      | Found a sparkling altar of Nemelex Xobeh.
  6370 | D:8      | Noticed a two-headed ogre
  6378 | D:8      | Killed a two-headed ogre
  6398 | D:8      | Learned a level 4 spell: Summon Ice Beast
  6402 | D:8      | Learned a level 3 spell: Recall
  6426 | D:8      | Noticed a hippogriff
  6453 | D:8      | Killed a hippogriff
  6465 | D:8      | Noticed a centaur warrior
  6476 | D:8      | Shot with an arrow by a centaur warrior

Vault maps used:
D:1:      elethiomel_arrival_maze, minivault_25
D:2:      lemuel_upstairs_altar, lemuel_round_altar, uniq_jessica, uniq_natasha
D:3:      nemelex_xobeh_ov_fountains_minmay, kennysheep_generic_room_7
D:4:      old_standard_altar, minmay_liquid_box
D:5:      first_bread
D:6:      lemuel_crystal_altar, uniq_menkaure
D:7:      okawaru_metal_pillars_1_2, serial_shops, nicolae_shop_crystal
D:8:      minmay_bloctagon, xom_redecorated, kennysheep_little_box,
          serial_shops, shop, basic_altar, serial_glass, glass_columns_c,
          glass_columns_b, uniq_gastronok
Temple:   eino_temple_lava

Skill      XL: |  1  2  3  4  5  6  7  8 |
---------------+-------------------------+-----
Dodging        | 3 4 5 |  5.2
Spellcasting   | 4 5 6 7 |  7.6
Fighting       | 1 2 3 |  3.0
Hexes          | 1 2 3 4 |  4.4
Air Magic      | 1 2 3 |  3.8
Staves         | 1 2 3 |  3.0
Summonings     | 5 |  5.8
Evocations     | 1 2 |  2.5
Shields        | 1 |  1.3
Stealth        | |  2.4

Action                   |  1- 3 |  4- 6 |  7- 9 || total
-------------------------+-------+-------+-------++-------
Melee: Unarmed           |     5 |       |       ||     5
       Long sword        |       |    16 |    20 ||    36
 Cast: Summon Small Mamm |    67 |    38 |     5 ||   110
       Call Canine Famil |     5 |    33 |    17 ||    55
       Summon Guardian G |       |    25 |    23 ||    48
       Summon Lightning  |       |     1 |    26 ||    27
  Use: Scroll            |       |     2 |       ||     2
 Stab: Distracted        |       |     1 |       ||     1
  Eat: Chunk             |     1 |    11 |    11 ||    23
Armor: Robe              |     6 |     5 |     4 ||    15
Dodge: Dodged            |    15 |    16 |    22 ||    53
